 Dungeon Crawl Stone Soup version 0.30-a0-900-g23479c02f2 (webtiles) character file.

Game seed: 3652081742600790304

643 Iniera the Conjurer (level 7, -2/35 HPs)
             Began as a Vine Stalker Conjurer on Mar 18, 2023.
             Was a Follower of Vehumet.
             Slain by Duvessa
             ... wielding a +0 rapier
              (9 damage)
             ... on level 5 of the Dungeon.
             The game lasted 00:13:19 (5052 turns).

Iniera the Conjurer (Vine Stalker Conjurer)         Turns: 5052, Time: 00:13:20

Health: -2/35      AC:  3    Str: 10    XL:     7   Next: 51%
Magic:  0/15       EV: 12    Int: 22    God:    Vehumet [*.....]
Gold:   229        SH:  0    Dex: 12    Spells: 5/16 levels left

rFire   + . .      SeeInvis .    s - +3 dagger (protect)
rCold   . . .      Faith    .    (no shield)
rNeg    . . .      Spirit   +    a - +0 robe
rPois   .          Reflect  .    m - +0 helmet of Byuz {rF+ Regen+ Int+2}
rElec   .          Rampage  .    (no cloak)
rCorr   .                        (no gloves)
Will    .....                    (no boots)
Stlth   ++                       (no amulet)
HPRegen 1.85/turn                (no ring)
MPRegen 0.14/turn                (no ring)

@: no status effects
A: fangs 2, regeneration 1, magic shield, antimagic bite, no potion heal 2
a: Renounce Religion


You were on level 5 of the Dungeon.
You worshipped Vehumet.
Vehumet was aware of your devotion.
You visited 1 branch of the dungeon, and saw 5 of its levels.

You collected 229 gold pieces.

Inventory:

Hand Weapons
 s - a +3 dagger of protection (weapon)
Armour
 a - a +0 robe (worn)
 m - the +0 helmet of Byuz (worn) {rF+ Regen+ Int+2}
   (You took it off Robin on level 2 of the Dungeon)

   Int:       It affects your intelligence (+2).
   rF:        It protects you from fire.
   Regen:     It increases your rate of health regeneration.
Wands
 l - a wand of roots (3)
 n - a wand of digging (5)
Scrolls
 b - a scroll of teleportation
 c - 2 scrolls of enchant armour
 f - 3 scrolls of magic mapping
 k - a scroll of noise {unknown}
 p - a scroll of fog
Potions
 d - a potion of berserk rage {unknown}
 e - 3 potions of heal wounds {unknown}
 g - a potion of curing {unknown}
 h - a potion of cancellation
 i - 4 potions of lignification {unknown}
 j - a potion of flight {unknown}
 o - 2 potions of brilliance {unknown}
 q - a potion of might {unknown}
 r - 2 potions of degeneration {unknown}
 t - a potion of attraction {unknown}
 u - a potion of magic


   Skills:
 + Level 2.1 Fighting
 - Level 1.5 Dodging
 + Level 3.2 Stealth
 - Level 5.0 Spellcasting
 - Level 5.0 Conjurations
 + Level 3.2 Hexes
 + Level 2.7 Translocations


You had 5 spell levels left.
You knew the following spells:

 Your Spells              Type           Power      Damage    Failure   Level
a - Magic Dart            Conj           100%       1d8       1%          1
b - Searing Ray           Conj           54%        2d6       1%          2
c - Fulminant Prism       Conj/Hex       11%        3d8       19%         4
d - Iskenderun's Mystic   Conj/Tloc      22%        2d6       21%         4

Your spell library contained the following spells:

 Spells                   Type           Power      Damage    Failure   Level
 Sandblast                Erth           10%        2d5       10%         1
 Dazzling Flash           Conj/Hex       46%        N/A       5%          3
 Inner Flame              Hex/Fire       12%        N/A       16%         3
 Flame Wave               Conj/Fire      16%        2d7       34%         4
 Sticky Flame             Conj/Fire      16%        2d4       34%         4


Dungeon Overview and Level Annotations

Branches:
Dungeon (5/15)             Temple (0/1) D:4

Altars:
Ashenzari
Dithmenos
Fedhas
Gozag
Hepliaklqana
Kikubaaqudgha
Makhleb
Qazlal
Vehumet
Wu Jian
Yredelemnul
Zin
The Shining One

Annotations:
D:4 Edmund
D:5 Duvessa


Innate Abilities, Weirdness & Mutations

You have extremely sharp teeth.
Your natural rate of healing is unusually fast.
When hurt, damage is shared between your health and your magic reserves.
Your bite disrupts and absorbs the magic of your enemies.
Potions cannot restore your health.


Message History

Okay, then.
Your fulminant prism crackles loudly.
The orc wizard hits you with a +0 dagger.
Your fulminant prism explodes!
The blast of energy engulfs Duvessa.
Duvessa is lightly wounded.
Okay, then.
Casting: Magic Dart (safe; 1% risk of failure)
Confirm with . or Enter, or press ? or * to list all spells.
The spell is extremely dangerous to miscast (19% risk of failure)!
Continue anyway?
Aiming: Fulminant Prism (extremely dangerous; 19% risk of failure)
Press: ? - help, Dir - move target You conjure a prism of explosive energy!
A fulminant prism comes into view.
The orc wizard hits you with a +0 dagger.
You barely miss the orc wizard.
The orc wizard is moderately wounded.
The orc wizard hits you but does no damage.
Your fulminant prism crackles loudly.
Duvessa hits you with a +0 rapier!!
Ouch! That really hurt!
Okay, then.
Okay, then.
Okay, then.
Okay, then.
The orc wizard attacks as you move away!
The orc wizard hits you but does no damage.
Duvessa attacks as you move away! Duvessa hits you with a +0 rapier!
* * * LOW HITPOINT WARNING * * *
You hear an explosion!
Okay, then.
Aiming: Fastroot
Press: ? - help, Shift-Dir - straight line, f - Duvessa
Aim: Duvessa, wielding a +0 rapier and wearing a +0 ring mail (lightly wounded, berserk)
The roots erupt in riotous growth!
Roots grab Duvessa.
Roots grab the orc wizard.
The grasping roots constrict Duvessa.
The grasping roots constrict the orc wizard.
Duvessa hits you with a +0 rapier!
You die...

#....#..# ###
##(...#..#
#.....#..#
#.###...##
#.###.#.#
#....##.##
#.#.##.#.#
####.#.#.###.#
#.....[.@eo##.#
#.#####)##....#
#.#88#...#..#.#
#.#..'...#.*....
#.####...#.....
.
#.#..'...#.##.##
#.##.#⌠8⌠#.# .#
..########.# #
.#..


You could see Duvessa (berserk, rooted) and an orc wizard (rooted).

Vanquished Creatures
  An ogre (D:4)
  A phantom (D:5)
  2 scorpions (D:5)
  Dowan (D:5)
  An orc priest (D:4)
  A sleepcap (D:3)
  Terence (D:2)
  2 iguanas
  2 orc wizards (D:4)
  Robin (D:2)
  A gnoll (D:2)
  An adder (D:2)
  A white imp (D:5)
  3 worms (D:2)
  3 dart slugs
  11 orcs
  6 ball pythons
  10 endoplasms
  3 giant cockroaches
  10 goblins
  7 hobgoblins
  2 jackals (D:2)
  A quokka (D:2)
  5 bats
  3 frilled lizards
  6 kobolds
  4 rats
90 creatures vanquished.

Vanquished Creatures (others)
  5 fulminant prisms (D:5)
5 creatures vanquished.

Grand Total: 95 creatures vanquished

Notes
Turn   | Place    | Note
-------+----------+-------------------------------------------
     0 | D:1      | Iniera the Vine Stalker Conjurer began the quest for the
                  | Orb.
     0 | D:1      | Reached XP level 1. HP: 9/9 MP: 4/4
   340 | D:1      | Reached XP level 2. HP: 13/13 MP: 2/6
   417 | D:1      | Learned a level 2 spell: Searing Ray
   967 | D:2      | Reached XP level 3. HP: 15/16 MP: 1/8
  1367 | D:2      | Noticed Terence
  1617 | D:2      | Found a faded altar of an unknown god.
  1646 | D:2      | Identified the +8 quarterstaff of Zitwaot {freeze, Fragile
                  | rN+++ rCorr Dex-4}
  1666 | D:2      | Identified the +0 helmet of Byuz {rF+ Regen+ Int+2}
  1666 | D:2      | Noticed Robin
  1741 | D:2      | Killed Robin
  1753 | D:2      | Found a radiant altar of Vehumet.
  1919 | D:2      | Became a worshipper of Vehumet
  1929 | D:2      | Gained mutation: Your natural rate of healing is unusually
                  | fast. [Vine Stalker growth]
  1929 | D:2      | Reached XP level 4. HP: 21/21 MP: 10/10
  1997 | D:2      | Reached skill level 1 in Hexes
  2076 | D:2      | Killed Terence
  2077 | D:2      | Reached XP level 5. HP: 24/24 MP: 2/12
  2157 | D:2      | Learned a level 4 spell: Fulminant Prism
  2162 | D:2      | Learned a level 4 spell: Iskenderun's Mystic Blast
  2733 | D:3      | Found a shadowy altar of Dithmenos.
  2788 | D:3      | Identified the +6 glaive "Killer Bee's Death" {heavy, *Rage
                  | *Corrode Int+7}
  3439 | D:4      | Reached * piety under Vehumet
  3439 | D:4      | Offered knowledge of Sandblast by Vehumet.
  3564 | D:4      | Reached skill level 1 in Translocations
  3574 | D:4      | Reached XP level 6. HP: 28/28 MP: 3/13
  3791 | D:4      | Reached skill level 5 in Conjurations
  4000 | D:4      | Reached skill level 1 in Fighting
  4015 | D:4      | Reached skill level 5 in Spellcasting
  4040 | D:4      | Found a staircase to the Ecumenical Temple.
  4153 | D:4      | Found a glowing golden altar of the Shining One.
  4155 | D:4      | Found a blossoming altar of Fedhas.
  4155 | D:4      | Found a radiant altar of Vehumet.
  4156 | D:4      | Found a broken altar of Ashenzari.
  4156 | D:4      | Found an opulent altar of Gozag.
  4156 | D:4      | Found an ornate altar of the Wu Jian Council.
  4156 | D:4      | Found a burning altar of Makhleb.
  4156 | D:4      | Found a hazy altar of Hepliaklqana.
  4156 | D:4      | Found a glowing silver altar of Zin.
  4192 | D:4      | Found an ancient bone altar of Kikubaaqudgha.
  4192 | D:4      | Found a stormy altar of Qazlal.
  4196 | D:4      | Found a basalt altar of Yredelemnul.
  4286 | D:5      | Entered Level 5 of the Dungeon
  4407 | D:5      | Reached XP level 7. HP: 33/33 MP: 9/15
  4557 | D:5      | Noticed Edmund
  4926 | D:5      | Noticed Dowan
  4932 | D:5      | Killed Dowan
  5045 | D:5      | Noticed Duvessa
  5052 | D:5      | Slain by Duvessa

Illustrated notes

Levels and vault maps discovered:
D:1:      dpeg_arrival_central, layout_basic, st_stairs_7, minmay_tiny_reverse_x
D:2:      minmay_recursive_quarters, layout_loops_corners,
          ebering_ecumenical_altar_rust, basic_altar, fountainhead,
          grunt_decor_mini_mirrors, uniq_robin, uniq_terence
D:3:      layout_basic, grunt_dithmenos_smoke_and_mirrors
D:4:      layout_cave_pools, nicolae_overflows_in_rows,
          minmay_temple_entry_trees
D:5:      dreamdust_elfheim, layout_loops_ring,
          mainiacjoe_overflow_six_doors_small, uniq_edmund

Skill      XL: |  1  2  3  4  5  6  7 |
---------------+----------------------+-----
Spellcasting   | 3 4 5 |  5.0
Hexes          | 1 2 3 |  3.2
Translocations | 1 2 |  2.7
Conjurations   | 5 |  5.0
Fighting       | 1 2 |  2.1
Stealth        | 3 |  3.2
Dodging        | |  1.5

Action                     |  1- 3 |  4- 6 |  7- 9 || total
---------------------------+-------+-------+-------++-------
  Melee: Unarmed           |    11 |       |       ||    11
         Bite              |     6 |     5 |       ||    11
         Whip              |    16 |    14 |       ||    30
         Punch             |       |     1 |       ||     1
         Dagger            |       |    13 |     2 ||    15
   Cast: Magic Dart        |    59 |    67 |    18 ||   144
         Searing Ray       |     6 |    13 |     1 ||    20
         Fulminant Prism   |       |       |     5 ||     5
         Iskenderun's Myst |       |       |     2 ||     2
  Evoke: Wand              |       |       |     1 ||     1
    Use: Scroll            |     3 |     8 |       ||    11
         Potion            |       |     1 |       ||     1
   Stab: Sleeping          |     1 |       |       ||     1
 Armour: Robe              |    10 |    11 |     3 ||    24
  Dodge: Dodged            |    32 |    35 |     2 ||    69

Table legend: (Time is in decaauts)
 A = Elapsed time spent in this place.
 B = Non-inter-level travel time spent in this place.
 C = Inter-level travel time spent in this place.
 D = Time resting spent in this place.
 E = Time spent auto-exploring this place.
 F = Levels seen in this place.
 G = Mean time per level.
                   A        B        C        D        E       F      G
               +--------+--------+--------+--------+--------+-----+--------+
         Total |   5063 |   4752 |    311 |    424 |   3500 |   5 | 1012.6 |
       Dungeon |   5063 |   4752 |    311 |    424 |   3500 |   5 | 1012.6 |
               +--------+--------+--------+--------+--------+-----+--------+

Top non-repeatable levels by time:
     D:2: 1610 daAuts
     D:3: 1210 daAuts
     D:1: 940 daAuts
     D:4: 674 daAuts
     D:5: 627 daAuts
